 Dungeon Crawl Stone Soup version 0.30-a0-652-gcc886f7154 (webtiles) character file.

Game seed: 10548670994339177213

6989 wormed the Summoner (level 10, -1/40 HPs)
             Began as a Felid Chaos Knight on Jan 18, 2023.
             Was an Initiate of Gozag.
             Slain by an eight-headed hydra (12 damage)
             ... on level 3 of the Lair of Beasts.
             The game lasted 00:40:28 (20540 turns).

wormed the Summoner (Felid Chaos Knight)           Turns: 20540, Time: 00:40:28

Health: -1/40      AC:  4    Str: 14    XL:     10   Next: 81%
Magic:  0/24       EV: 21    Int: 22    God:    Gozag
Gold:   752        SH:  0    Dex: 16    Spells: 10/27 levels left
                                        Lives:  0   Deaths: 3

rFire   . . .      SeeInvis +      - Unarmed
rCold   . . .      Faith    .    (shield unavailable)
rNeg    . . .      Spirit   +    (body armour unavailable)
rPois   .          Reflect  .    (helmet unavailable)
rElec   .          Harm     .    (cloak unavailable)
rCorr   .          Rampage  .    (gloves unavailable)
Will    +....                    (boots unavailable)
Stlth   +++                      b - amulet of guardian spirit
HPRegen 0.26/turn                t - +6 ring of intelligence
MPRegen 0.19/turn                m - +6 ring of strength

@: quick
A: very small, claws 1, fangs 3, see invisible, speed 1, shaggy fur 2, stealthy
paws, no weapons or thrown items, no armour, multi-lived, horns 2, iridescent
scales 1, dopey 1, frail 1, MP-powered wands
a: Renounce Religion, Potion Petition, Call Merchant, Bribe Branch


You were on level 3 of the Lair of Beasts.
You worshipped Gozag.
Gozag was pleased with you.
You visited 3 branches of the dungeon, and saw 16 of its levels.

You collected 2153 gold pieces.
You paid 1401 gold pieces to Gozag.

Inventory:

Jewellery
 b - an amulet of guardian spirit (around neck)
 e - a ring of flight
 g - a ring of magical power
 m - a +6 ring of strength (right paw)
 t - a +6 ring of intelligence (left paw)
Wands
 i - a wand of roots (10)
 u - a wand of mindburst (9) (quivered)
Scrolls
 c - a scroll of magic mapping
 k - 5 scrolls of fog
 l - 5 scrolls of amnesia
 o - 2 scrolls of fear
 p - 3 scrolls of teleportation
 w - a scroll of immolation
 x - 6 scrolls of identify
Potions
 d - a potion of heal wounds
 f - 5 potions of cancellation
 h - a potion of magic
 n - a potion of might
 q - 2 potions of resistance
 r - a potion of ambrosia
 s - 2 potions of invisibility
 v - 5 potions of curing
 z - a potion of brilliance
Miscellaneous
 a - a piece from Xom's chessboard (15/15)


   Skills:
 - Level 5.6 Fighting
 - Level 7.2 Dodging
 - Level 6.1 Stealth
 - Level 5.7 Unarmed Combat
 - Level 9.1 Spellcasting
 - Level 10.0 Summonings
 * Level 9.6 Transmutations
 * Level 6.7 Air Magic


You had 10 spell levels left.
You knew the following spells:

 Your Spells              Type           Power      Damage    Failure   Level
a - Blade Hands           Tmut           25%        N/A       3%          5
b - Call Canine Familiar  Summ           52%        N/A       1%          3
k - Blink                 Tloc           20%        N/A       10%         2
z - Storm Form            Tmut/Air       23%        N/A       89%         7

Your spell library contained the following spells:

 Spells                   Type           Power      Damage    Failure   Level
 Beastly Appendage        Tmut           100%       N/A       1%          1
 Call Imp                 Summ           52%        N/A       1%          2
 Poisonous Vapours        Pois/Air       48%        N/A       2%          2
 Magic Dart               Conj           40%        1d5       7%          1
 Necrotise                Necr           40%        1d6       7%          1
 Kindle Blastsparks       Fire/Tloc/Air  38%        2d13      8%          3
 Ice Form                 Ice/Tmut       31%        N/A       9%          4
 Petrify                  Tmut/Erth      31%        N/A       9%          4
 Searing Ray              Conj           20%        2d5       10%         2
 Dazzling Flash           Conj/Hex       20%        N/A       21%         3
 Gell's Gravitas          Tloc           10%        N/A       21%         3
 Hailstorm                Conj/Ice       10%        3d5       21%         3
 Inner Flame              Hex/Fire       10%        N/A       21%         3
 Teleport Other           Tloc           10%        N/A       21%         3
 Vampiric Draining        Necr           10%        2d6       21%         3
 Irradiate                Conj/Tmut      15%        3d16      26%         5
 Flame Wave               Conj/Fire      10%        2d6       54%         4
 Fulminant Prism          Conj/Hex       5%         3d7       54%         4
 Iskenderun's Mystic Bla  Conj/Tloc      10%        2d4       54%         4
 Leda's Liquefaction      Hex/Erth       5%         N/A       54%         4
 Manifold Assault         Tloc           10%        N/A       54%         4
 Sticky Flame             Conj/Fire      10%        2d3       54%         4
 Freezing Cloud           Conj/Ice/Air   9%         6-21      58%         5
 Dragon Form              Tmut           25%        N/A       71%         7
 Agony                    Necr           10%        N/A       88%         5
 Metabolic Englaciation   Hex/Ice        5%         N/A       88%         5
 Dispersal                Tloc           5%         N/A       100%        6
 Starburst                Conj/Fire      5%         6d4       100%        6
 Enfeeble                 Hex            5%         N/A       100%        7
 Ozocubu's Refrigeration  Ice            5%         4d8       100%        7
 Necromutation            Tmut/Necr      15%        N/A       100%        8
 Portal Projectile        Hex/Tloc       Unusable   N/A       N/A         3
 Simulacrum               Ice/Necr       Unusable   N/A       N/A         6

Dungeon Overview and Level Annotations

Branches:
Dungeon (11/15)            Temple (1/1) D:5            Lair (4/5) D:11
  Swamp (0/4) Lair:2        Snake (0/4) Lair:2
  Slime: Lair:4-5       Orc: D:9-12

Altars:
Ashenzari
Cheibriados
Dithmenos
Elyvilon
Fedhas
Gozag
Hepliaklqana
Kikubaaqudgha
Makhleb
Nemelex Xobeh
Okawaru
Qazlal
Ru
Sif Muna
Trog
Uskayaw
Vehumet
Wu Jian
Xom
Yredelemnul
Zin
The Shining One

Shops:
D:8 =   Lair:3 =

Annotations:
D:4 1 runed translucent door, GoldenjunoSpark's ghost, amateur FoEE
D:5 1 runed translucent door, Vylera's ghost, novice DjIE
Lair:3 2 transporters


Innate Abilities, Weirdness & Mutations

You have sharp claws.
You have razor-sharp teeth.
You have supernaturally acute eyesight. (SInv)
You cover ground quickly. (Speed+)
You are covered in thick fur. (AC +2)
Your paws help you pounce on unaware monsters.
You are incapable of wielding weapons or throwing items.
You cannot wear armour.
You gain extra lives every three experience levels.
You have a pair of horns on your head.
You are partially covered in iridescent scales. (AC +2)
You are dopey. (Int -2)
You are frail. (-10% HP)
You expend magic power (3 MP) to strengthen your wands.


Message History

The eight-headed hydra barely misses your wolf.
The eight-headed hydra closely misses your wolf.
The eight-headed hydra bites your wolf.
The eight-headed hydra bites your wolf but does no damage.
The eight-headed hydra barely misses your wolf.
The eight-headed hydra bites your wolf. x2
Your wolf closely misses the eight-headed hydra.
The eight-headed hydra bites your wolf.
The eight-headed hydra completely misses your wolf.
The eight-headed hydra barely misses your wolf.
The eight-headed hydra closely misses your wolf.
The eight-headed hydra completely misses your wolf.
The eight-headed hydra closely misses your wolf. x2
The eight-headed hydra misses your wolf.
Your wolf barely misses the eight-headed hydra.
Your wolf barely misses the eight-headed hydra.
The eight-headed hydra bites your wolf!
Your wolf dies!
Your wolf's corpse disappears in a puff of smoke!
Casting: Call Canine Familiar (safe; 1% risk of failure)
Confirm with . or Enter, or press ? or * to list all spells.
Your warg bites the eight-headed hydra.
The eight-headed hydra bites your warg.
The eight-headed hydra barely misses your warg.
The eight-headed hydra bites your warg but does no damage.
The eight-headed hydra barely misses your warg.
The eight-headed hydra closely misses your warg.
The eight-headed hydra bites your warg!
The eight-headed hydra closely misses your warg. x2
Your warg bites the eight-headed hydra!
Your warg barely misses the eight-headed hydra.
Your warg bites the eight-headed hydra!
Your warg bites the eight-headed hydra.
Your warg bites the eight-headed hydra!
The eight-headed hydra completely misses you.
The eight-headed hydra bites you! The eight-headed hydra bites you. x2
The eight-headed hydra bites you!
* * * LOW HITPOINT WARNING * * *
The eight-headed hydra bites you!
You die...
Your body crumbles into a pile of gold.

##...# #....§.§..# #...#
#....# ##........# #$$##
#....# #........# ....#
###...#
##(......)####..##
###.#...###P........P#
...P
.....>...###.........#
#..##
........###.........##
#...
..P.##..###.....[...#
#... ..##
#..)....@......### ..##
..
#.####...Dh....#.##...##
#.## #..........##.....
##..# #.........##P....
#...# #....(....###...##
##.####..........##P..P#
#P.###..........###..P#
###..###..........##..P#
#...## #.........#..#..#


You could see an eight-headed hydra (ally target) and a friendly warg
(summoned).

Vanquished Creatures
  A centaur warrior (D:8)
  A guardian serpent (Lair:2)
  2 black mambas (Lair:1)
  Psyche (D:9)
  A cane toad (Lair:2)
  2 rime drakes
  2 komodo dragons
  A troll (D:9)
  A tyrant leech (Lair:2)
  A hornet (D:8)
  7 blink frogs (Lair:1)
  2 wyverns
  7 yaks
  4 humans (D:8)
  A swamp worm (Lair:2)
  An acid dragon (D:8)
  10 water moccasins
  5 orc warriors
  An ice beast (D:7)
  6 wolves
  3 ogres (D:5)
  3 centaurs
  2 kobold brigands
  6 bullfrogs
  2 necrophages
  5 scorpions
  3 killer bees
  6 howler monkeys
  4 orc priests
  7 hounds
  2 jellies (D:4)
  A gnoll bouda (D:5)
  3 iguanas
  Terence (D:3)
  9 orc wizards
  Natasha (thrice) (D:3)
  32 gnolls
  13 adders
  A shadow imp (D:6)
  A white imp (D:8)
  2 worms (D:2)
  3 dart slugs (D:1)
  51 orcs
  6 ball pythons
  4 endoplasms
  2 giant cockroaches
  5 hobgoblins
  18 jackals
  12 kobolds
  5 quokkas
  3 bats (D:1)
  5 frilled lizards
  19 goblins
  5 rats
304 creatures vanquished.

Vanquished Creatures (collateral kills)
  3 two-headed ogres
  A slime creature (D:9)
  A black mamba (Lair:1)
  2 trolls (D:11)
  A blink frog (Lair:1)
  5 yaks
  A wyvern (Lair:3)
  A human (D:8)
  A basilisk (Lair:2)
  A steam dragon (D:10)
  An acid dragon (D:9)
  2 water moccasins
  4 wolves (Lair:1)
  2 centaurs
  2 kobold brigands (D:8)
  A bullfrog (D:9)
  2 gnoll sergeants
  3 wights (D:8)
  4 killer bees
  A howler monkey (D:8)
  A jelly (D:8)
  An orc priest (D:11)
  An orc wizard (D:8)
  9 gnolls
  A white imp (D:8)
  10 orcs
62 creatures vanquished.

Vanquished Creatures (others)
  A howler monkey (D:6)
  An orc wizard (D:3)
  An orc (D:3)
  A bush (Lair:3)
  7 fungi
  11 plants
  4 withered plants
26 creatures vanquished.

Grand Total: 392 creatures vanquished

Notes
Turn   | Place    | Note
-------+----------+-------------------------------------------
     0 | D:1      | wormed the Felid Chaos Knight began the quest for the Orb.
     0 | D:1      | Reached XP level 1. HP: 10/10 MP: 2/2
    88 | D:1      | Reached XP level 2. HP: 14/14 MP: 3/3
   107 | D:1      | XOM: silly message
   133 | D:1      | XOM: butterfly on damage
   394 | D:1      | XOM: silly message
   455 | D:1      | XOM: silly message
   840 | D:1      | XOM: silly message
   950 | D:1      | XOM: summons 1 hostile demon
  1138 | D:2      | Got the Treatise on Refrigeration and Therianthropy
  1143 | D:2      | Learned a level 1 spell: Beastly Appendage
  1175 | D:2      | Reached XP level 3. HP: 7/17 MP: 5/5
  1240 | D:2      | XOM: give mutations
  1240 | D:2      | Gained mutation: You are dopey. (Int -2) [Xom's mischief]
  1240 | D:2      | Gained mutation: You are weak. (Str -2) [Xom's mischief]
  1240 | D:2      | Gained mutation: You are very weak. (Str -4) [Xom's
                  | mischief]
  1240 | D:2      | Gained mutation: You are very dopey. (Int -4) [Xom's
                  | mischief]
  1274 | D:2      | Reached skill level 1 in Spellcasting
  1328 | D:2      | XOM: butterfly on damage
  1369 | D:2      | XOM: summons 3 hostile shadow creatures
  1582 | D:2      | XOM is BORED!
  1582 | D:2      | XOM: summons 3 hostile shadow creatures
  1671 | D:2      | Reached skill level 1 in Transmutations
  1748 | D:2      | Found an iron altar of Okawaru.
  2024 | D:2      | Reached XP level 4. HP: 21/21 MP: 4/6
  2380 | D:3      | XOM: silly message
  2580 | D:3      | XOM: give mutations
  2580 | D:3      | Lost mutation: You are very weak. (Str -4) [Xom's mischief]
  2580 | D:3      | Gained mutation: You have a pair of large horns on your
                  | head. [Xom's mischief]
  2580 | D:3      | Lost mutation: You are very dopey. (Int -4) [Xom's
                  | mischief]
  2807 | D:3      | Noticed Terence
  2949 | D:3      | Noticed Sigmund
  3067 | D:3      | XOM: silly message
  3100 | D:3      | HP: 1/21 [orc/+3 trident (11)]
  3128 | D:3      | Sigmund changed into Sigmund the scorpion
  3128 | D:3      | Noticed Sigmund
  3128 | D:3      | XOM: polymorph Sigmund -> Sigmund the scorpion
  3129 | D:4      | Noticed a black bear
  3130 | D:4      | a black bear changed into a rime drake
  3130 | D:4      | Noticed a rime drake
  3130 | D:4      | XOM: polymorph black bear -> rime drake
  3283 | D:3      | XOM: summons 3 hostile demons
  3332 | D:3      | XOM: destruction
  3333 | D:3      | XOM: butterfly on damage
  3334 | D:3      | HP: 1/31 [orc/+0 morningstar (7)]
  3338 | D:3      | Killed from afar by an orc priest
  3339 | D:3      | Reached XP level 3. HP: -5/25 MP: 15/15
  3348 | D:3      | XOM: enchant monster (good)
  3353 | D:3      | Killed Sigmund the scorpion
  3354 | D:3      | Reached skill level 1 in Stealth
  3354 | D:3      | Reached XP level 4. HP: 21/21 MP: 7/7
  3383 | D:3      | XOM: fake destruction
  3384 | D:3      | XOM: confuse monster(s)
  3403 | D:3      | XOM: 3-stop teleportation journey
  3459 | D:3      | XOM: noise
  3460 | D:3      | XOM: smoke on damage
  3475 | D:3      | XOM: enchant monster (bad)
  3610 | D:3      | Identified the +5 shortbow of the Lettuce {heavy, Fly rC-
                  | Str+8}
  3861 | D:3      | XOM: stat loss: -1 Str (8/12)
  3877 | D:3      | XOM: smoke on damage
  3879 | D:3      | Killed Terence
  3880 | D:3      | Reached XP level 5. HP: 10/25 MP: 5/8
  3881 | D:3      | XOM: divine lightning
  3938 | D:3      | XOM: chaos upgrade
  4246 | D:3      | Noticed Natasha
  4264 | D:3      | Killed Natasha
  4290 | D:3      | Noticed Natasha
  4296 | D:3      | Killed Natasha
  4687 | D:3      | Noticed Natasha
  4696 | D:3      | Killed Natasha
  4697 | D:3      | Gained mutation: You are covered in thick fur. (AC +2)
                  | [Felid growth]
  4697 | D:3      | Reached XP level 6. HP: 23/28 MP: 10/10
  4780 | D:4      | Killed a rime drake
  4781 | D:4      | Reached skill level 5 in Dodging
  4781 | D:4      | Reached XP level 7. HP: 30/32 MP: 11/11
  4840 | D:3      | XOM: summons 2 hostile demons
  5050 | D:3      | XOM: give mutations
  5050 | D:3      | Lost mutation: You are dopey. (Int -2) [Xom's grace]
  5050 | D:3      | Gained mutation: Your system is resistant to poisons.
                  | (rPois) [Xom's grace]
  5050 | D:3      | Gained mutation: A frigid envelope surrounds you and
                  | freezes all who hurt you. [Xom's grace]
  5050 | D:3      | Gained mutation: You are agile. (Dex +4, Str/Int -1) [Xom's
                  | grace]
  5129 | D:4      | XOM: swap monsters
  5424 | D:4      | XOM: god gift: dire flail {god gift}
  5436 | D:4      | XOM: noise
  5507 | D:4      | XOM: cast spell 'Dispersal'
  5707 | D:4      | XOM: 3-stop teleportation journey
  5787 | D:4      | Found a runed translucent door.
  5788 | D:4      | Noticed GoldenjunoSpark's ghost (amateur FoEE)
  5880 | D:4      | Got the Grimoire of the Wendigo and the Commander
  5907 | D:4      | XOM: smoke on damage
  6049 | D:4      | XOM: god gift: wand of roots (4)
  6246 | D:4      | Reached skill level 5 in Transmutations
  6406 | D:5      | Entered Level 5 of the Dungeon
  6411 | D:5      | Reached XP level 8. HP: 32/36 MP: 13/13
  6521 | D:5      | Found a runed translucent door.
  6522 | D:5      | Noticed Vylera's ghost (novice DjIE)
  6657 | D:5      | XOM: cloud trail
  6694 | D:5      | XOM: god gift: 6 stones
  6697 | D:5      | Reached skill level 5 in Unarmed Combat
  6759 | D:5      | XOM: divination: detect creatures
  6768 | D:5      | Reached skill level 5 in Fighting
  6796 | D:5      | Reached skill level 5 in Stealth
  6797 | D:5      | XOM: 2-stop teleportation journey
  6855 | D:5      | XOM: give mutations
  6855 | D:5      | Gained mutation: You expend magic power (3 MP) to
                  | strengthen your wands. [Xom's grace]
  6855 | D:5      | Gained mutation: You are strong-willed. (Will+) [Xom's
                  | grace]
  7221 | D:6      | XOM: cleaving
  7300 | D:5      | XOM: summons friendly soul eater
  7463 | D:5      | XOM: give mutation
  7463 | D:5      | Gained mutation: Your thick and shaggy fur keeps you warm.
                  | (AC +3, rC+) [Xom's grace]
  7513 | D:5      | XOM: enchant monster (good)
  7881 | D:5      | XOM: cast spell 'Chain of Chaos'
  7933 | D:5      | XOM: 8-stop teleportation journey
  7936 | D:5      | XOM: 3-stop teleportation journey
  8022 | D:5      | Found a staircase to the Ecumenical Temple.
  8245 | D:5      | Reached XP level 9. HP: 37/40 MP: 16/16
  8559 | Temple   | Entered the Ecumenical Temple
  8770 | Temple   | XOM: give mutations
  8770 | Temple   | Gained mutation: Your spells are a little harder to cast,
                  | but a little more powerful. [Xom's grace]
  8770 | Temple   | Gained mutation: You are robust. (+10% HP) [Xom's grace]
  8770 | Temple   | Gained mutation: You have a pair of horns on your head.
                  | [Xom's grace]
  8770 | Temple   | Gained mutation: You are very agile. (Dex +8, Str/Int -2)
                  | [Xom's grace]
  8887 | Temple   | Fell from the grace of Xom
  8887 | Temple   | Became a worshipper of Gozag Ym Sagoz the Greedy
  8987 | D:5      | Learned a level 3 spell: Call Canine Familiar
  9008 | D:5      | Reached skill level 1 in Summonings
  9540 | D:6      | Reached skill level 2 in Summonings
  9708 | D:6      | Reached skill level 3 in Summonings
  9709 | D:6      | XOM: summons 1 hostile demon
  9710 | D:6      | Noticed a rust devil
  9771 | D:7      | Reached skill level 5 in Spellcasting
  9886 | D:7      | Reached skill level 4 in Summonings
 10269 | D:7      | XOM: draining
 10429 | D:7      | Found a radiant altar of Vehumet.
 10448 | D:7      | Reached skill level 5 in Summonings
 10523 | D:7      | XOM: give mutations
 10523 | D:7      | Lost mutation: You are very agile. (Dex +8, Str/Int -2)
                  | [Xom's mischief]
 10523 | D:7      | Gained mutation: You have a pair of large horns on your
                  | head. [Xom's mischief]
 10645 | D:7      | XOM: stat loss: -1 Str (10/11)
 10761 | D:7      | XOM: give mutations
 10761 | D:7      | Lost mutation: You are strong-willed. (Will+) [Xom's
                  | mischief]
 10761 | D:7      | Lost mutation: You have a pair of large horns on your head.
                  | [Xom's mischief]
 10761 | D:7      | Lost mutation: You expend magic power (3 MP) to strengthen
                  | your wands. [Xom's mischief]
 10814 | D:8      | XOM: chaos upgrade
 11126 | D:8      | Reached skill level 6 in Summonings
 11265 | D:8      | XOM: torment (29/44 hp)
 11344 | D:8      | Reached XP level 10. HP: 37/49 MP: 13/20
 11539 | D:8      | XOM: blink monster(s)
 11672 | D:8      | Reached skill level 7 in Summonings
 11865 | D:8      | Noticed a centaur warrior
 11876 | D:8      | Killed a centaur warrior
 11936 | D:8      | Reached skill level 8 in Summonings
 12494 | D:8      | Noticed a gargoyle
 12494 | D:8      | Noticed a centaur warrior
 12630 | D:9      | Reached skill level 9 in Summonings
 12890 | D:9      | Noticed Psyche
 12909 | D:9      | Killed Psyche
 13288 | D:9      | XOM: summons 4 hostile demons
 13435 | D:9      | XOM: summons 7 hostile demons
 13457 | D:10     | XOM: noise
 13457 | D:10     | Entered Level 10 of the Dungeon
 13533 | D:10     | Noticed a two-headed ogre
 13546 | D:10     | Killed a two-headed ogre
 13547 | D:10     | Reached skill level 10 in Summonings
 13547 | D:10     | Reached XP level 11. HP: 52/52 MP: 18/24
 13858 | D:10     | XOM: noise
 14263 | D:10     | Found an ornate altar of the Wu Jian Council.
 14427 | D:10     | XOM: noise
 14507 | D:10     | Learned a level 7 spell: Storm Form
 14510 | D:10     | XOM: give mutations
 14510 | D:10     | Lost mutation: You are robust. (+10% HP) [Xom's mischief]
 14510 | D:10     | Gained mutation: You are very weak. (Str -4) [Xom's
                  | mischief]
 14510 | D:10     | Lost mutation: You are agile. (Dex +4, Str/Int -1) [Xom's
                  | mischief]
 14510 | D:10     | Gained mutation: You are somewhat resistant to further
                  | mutation. [Xom's mischief]
 14511 | D:10     | Lost mutation: Your spells are a little harder to cast, but
                  | a little more powerful. [potion of mutation]
 14511 | D:10     | Lost mutation: You are somewhat resistant to further
                  | mutation. [potion of mutation]
 14511 | D:10     | Lost mutation: A frigid envelope surrounds you and freezes
                  | all who hurt you. [potion of mutation]
 14511 | D:10     | Gained mutation: Your magical capacity is low. (-10% MP)
                  | [potion of mutation]
 14528 | D:10     | XOM: give mutations
 14528 | D:10     | Gained mutation: Your body sometimes deteriorates upon
                  | taking damage. [Xom's mischief]
 14528 | D:10     | Gained mutation: You are dopey. (Int -2) [Xom's mischief]
 14528 | D:10     | Gained mutation: You are frail. (-10% HP) [Xom's mischief]
 14624 | D:11     | XOM: give mutation
 14624 | D:11     | Lost mutation: Your magical capacity is low. (-10% MP)
                  | [Xom's mischief]
 14655 | D:11     | Found a staircase to the Lair.
 14677 | D:11     | Noticed a two-headed ogre
 14732 | D:11     | Killed a two-headed ogre
 14733 | D:11     | Reached skill level 1 in Air Magic
 14835 | D:11     | Noticed a two-headed ogre
 14861 | D:11     | Killed a two-headed ogre
 15251 | D:11     | Found a radiant altar of Vehumet.
 15256 | D:11     | Noticed a boulder beetle
 15553 | D:10     | XOM: summons 1 hostile demon
 15983 | D:11     | Slain by a boulder beetle
 15984 | D:11     | Reached XP level 10. HP: -1/40 MP: 0/24
 16078 | Lair:1   | Entered Level 1 of the Lair of Beasts
 16093 | Lair:1   | Got the Elucidation of Charms and Turbulence
 16097 | Lair:1   | Noticed a black mamba
 16111 | Lair:1   | Killed a black mamba
 16443 | Lair:1   | XOM: give mutations
 16443 | Lair:1   | Gained mutation: You are very frail. (-20% HP) [Xom's
                  | mischief]
 16443 | Lair:1   | Lost mutation: You are very frail. (-20% HP) [Xom's
                  | mischief]
 16443 | Lair:1   | Lost mutation: You are dopey. (Int -2) [Xom's mischief]
 16443 | Lair:1   | Gained mutation: You are dopey. (Int -2) [Xom's mischief]
 16851 | Lair:1   | Learned a level 5 spell: Blade Hands
 16857 | Lair:1   | XOM: stat loss: -1 Str (8/10)
 16884 | Lair:1   | XOM: give mutations
 16884 | Lair:1   | Gained mutation: You expend magic power (3 MP) to
                  | strengthen your wands. [Xom's mischief]
 16884 | Lair:1   | Gained mutation: Your body often deteriorates upon taking
                  | damage. [Xom's mischief]
 16884 | Lair:1   | Lost mutation: You are very weak. (Str -4) [Xom's mischief]
 16884 | Lair:1   | Lost mutation: Your system is resistant to poisons. (rPois)
                  | [Xom's mischief]
 16891 | Lair:1   | Noticed a black mamba
 16895 | Lair:1   | Killed a black mamba
 17140 | Lair:1   | Reached XP level 11. HP: 37/43 MP: 20/25
 17330 | Lair:1   | XOM: 1-stop teleportation journey
 17516 | Lair:1   | XOM: give mutations
 17516 | Lair:1   | Lost mutation: Your body often deteriorates upon taking
                  | damage. [Xom's mischief]
 17516 | Lair:1   | Gained mutation: You are very frail. (-20% HP) [Xom's
                  | mischief]
 17516 | Lair:1   | Lost mutation: You are very frail. (-20% HP) [Xom's
                  | mischief]
 17516 | Lair:1   | Lost mutation: Your body sometimes deteriorates upon taking
                  | damage. [Xom's mischief]
 17546 | Lair:1   | Reached skill level 5 in Air Magic
 17551 | Lair:1   | XOM: noise
 17813 | Lair:1   | Found the +8 whip "Snakebite" {venom, curare, rPois}
 17902 | Lair:1   | Learned a level 2 spell: Blink
 17909 | Lair:2   | You fall into a shaft and drop 2 floors!
 17922 | Lair:4   | XOM: give mutations
 17922 | Lair:4   | Gained mutation: Your body sometimes deteriorates upon
                  | taking damage. [Xom's mischief]
 17922 | Lair:4   | Lost mutation: You are weak. (Str -2) [Xom's mischief]
 18423 | Lair:1   | Was forgiven by Xom
 19581 | Lair:2   | Found a staircase to the Snake Pit.
 19589 | Lair:2   | Mangled by a guardian serpent
 19590 | Lair:2   | Reached XP level 10. HP: -7/40 MP: 0/24
 19610 | Lair:2   | Killed a guardian serpent
 19838 | Lair:2   | Lost mutation: Your body sometimes deteriorates upon taking
                  | damage. [potion of mutation]
 19838 | Lair:2   | Lost mutation: You are frail. (-10% HP) [potion of
                  | mutation]
 19838 | Lair:2   | Lost mutation: Your thick and shaggy fur keeps you warm.
                  | (AC +3, rC+) [potion of mutation]
 19838 | Lair:2   | Gained mutation: You are frail. (-10% HP) [potion of
                  | mutation]
 19838 | Lair:2   | Gained mutation: You are partially covered in iridescent
                  | scales. (AC +2) [potion of mutation]
 19887 | Lair:2   | Found a staircase to the Swamp.
 20199 | Lair:3   | Found a transporter.
 20202 | Lair:3   | Found a transporter.
 20203 | Lair:3   | Noticed a boulder beetle
 20246 | Lair:3   | Noticed a boulder beetle
 20374 | Lair:3   | Noticed an eight-headed hydra
 20540 | Lair:3   | Slain by an eight-headed hydra

Illustrated notes

Levels and vault maps discovered:
D:1:      minmay_arrival_jagged, layout_loops_corners
D:2:      cheibrodos_helix_gallery, layout_basic, basic_altar, minivault_11
D:3:      layout_basic, uniq_sigmund, uniq_natasha, uniq_terence
D:4:      layout_layer_cave, gammafunk_ghost_grave
D:5:      lemuel_castle_with_subvaults [lemuel_castle_interior_carwin_2],
          layout_rooms, minmay_temple_entry_hall, gammafunk_ghost_grave,
          minmay_ogre_servants
D:6:      hellmonk_ruined_rings, layout_basic, chequers_hall_statues_y,
          kennysheep_generic_room_14
D:7:      layout_basic, lemuel_tele_altar
D:8:      nzn_winding_woodlands_medium [nzn_winding_woodlands_5x5_checkerboard,
          nzn_winding_woodlands_5x15_longhouse, nzn_winding_woodlands_hourglass,
          nzn_winding_woodlands_5x5_cross, nzn_winding_woodlands_center_lodge,
          nzn_winding_woodlands_5x5_three, nzn_winding_woodlands_5x5_default,
          nzn_winding_woodlands_5x15_parted, nzn_winding_woodlands_5x5_default],
          layout_basic, st_stairs_12, minmay_ruffians
D:9:      layout_roguey, nicolae_eternal_life, hangedman_decor_clover_reticule,
          uniq_psyche
D:10:     layout_small_grid, kennysheep_mini, due_unseen_surprise
D:11:     layout_loops_ring, lair_entry_dummy,
          portal_ice_cave_entry_ice_simulacra, hellmonk_bongcloud_opening,
          fiery_altar_vehumet
Temple:   mainiacjoe_temple_cubbyholes
Lair:1:   minmay_guarded_unrand_snakebite, layout_gridlike
Lair:2:   layout_roguey, minmay_swamp_entry_worms,
          minmay_snake_entry_spellcaster, grunt_megastairs_3
Lair:3:   gammafunk_boulding_lane, layout_long_grid
Lair:4:   layout_long_grid, minmay_slime_entry_oklob_enclosed,
          grunt_forest_stairs_basic, nicolae_lair_lil_pond, uniq_nessos,
          uniq_snorg

Skill      XL: |  1  2  3  4  5  6  7  8  9 10 11 |
---------------+----------------------------------+-----
Spellcasting   | 1 2 3 4 6 8 9 |  9.1
Transmutations | 2 3 4 5 7 9 |  9.6
Dodging        | 4 5 7 |  7.2
Stealth        | 1 2 3 4 6 |  6.1
Fighting       | 4 5 |  5.6
Unarmed Combat | 4 5 |  5.7
Summonings     | 6 10 | 10.0
Air Magic      | 4 6 |  6.7

Action                   |  1- 3 |  4- 6 |  7- 9 | 10-12 || total
-------------------------+-------+-------+-------+-------++-------
Melee: Unarmed           |   145 |   117 |   468 |   293 ||  1023
       Bite              |    14 |    17 |    59 |    44 ||   134
       Punch             |     3 |     3 |    21 |    10 ||    37
       Headbutt          |     9 |    16 |    86 |    64 ||   175
 Cast: Beastly Appendage |    14 |     7 |       |       ||    21
       Call Canine Famil |       |       |    10 |   105 ||   115
       Blade Hands       |       |       |       |    26 ||    26
Invok: Call Merchant     |       |       |       |     2 ||     2
Evoke: Wand              |       |     2 |     3 |     8 ||    13
  Use: Scroll            |     5 |     8 |     8 |     8 ||    29
       Potion            |     1 |     7 |       |     6 ||    14
 Stab: Petrified         |     2 |       |       |       ||     2
       Petrifying        |     1 |       |       |       ||     1
       Sleeping          |       |     1 |    10 |     3 ||    14
       Paralysed         |       |     3 |     1 |       ||     4
       Distracted        |       |       |     4 |     3 ||     7
       Confused          |       |       |     1 |       ||     1
Armor: Skin              |    12 |    11 |    16 |    24 ||    63
Dodge: Dodged            |   130 |   107 |   352 |   323 ||   912

Table legend: (Time is in decaauts)
 A = Elapsed time spent in this place.
 B = Non-inter-level travel time spent in this place.
 C = Inter-level travel time spent in this place.
 D = Time resting spent in this place.
 E = Time spent auto-exploring this place.
 F = Levels seen in this place.
 G = Mean time per level.
                   A        B        C        D        E       F      G
               +--------+--------+--------+--------+--------+-----+--------+
         Total |  17986 |  16279 |   1707 |    732 |  11584 |  16 | 1124.1 |
       Dungeon |  13698 |  12321 |   1377 |    540 |   8558 |  11 | 1245.3 |
        Temple |    305 |    272 |     33 |      0 |    247 |   1 |  305.0 |
          Lair |   3982 |   3686 |    296 |    192 |   2778 |   4 |  995.5 |
               +--------+--------+--------+--------+--------+-----+--------+

Top non-repeatable levels by time:
     D:3: 2115 daAuts
  Lair:1: 2043 daAuts
     D:5: 1718 daAuts
     D:2: 1554 daAuts
    D:10: 1453 daAuts
     D:4: 1375 daAuts
  Lair:2: 1368 daAuts
     D:8: 1330 daAuts
     D:7: 1072 daAuts
     D:9: 914 daAuts
    D:11: 881 daAuts
     D:1: 838 daAuts
  Lair:3: 553 daAuts
     D:6: 443 daAuts
  Temple: 305 daAuts
